Map: Cyber Forest LE

Players

Lambo - Winner!

  • Race: Zerg Zerg
  • League: Grandmaster
  • Spawn Location: 11:00

IIIIIIIIIIII (HateMe)

  • Race: Zerg Zerg
  • Spawn Location: 5:00

VOD

Have the link to the VOD?

Description

Time

  • Played on: Feb. 10, 2019, 6:49 a.m.
  • Length: 10:33
Show
View Real Time Build Order
Export as new Build Order

Lambo Zerg - Winner!

Build Orders: Pool First 

Get SALT Encoding   

  12  0:18  Spawning Pool  
  11  0:21  Drone  
  11  0:27  Drone  
  13  0:31  Drone  
  14  0:39  Overlord  
  14  1:05  Zergling x6  
  17  1:15  Zergling x2  
  17  1:18  Hatchery  
  17  1:26  Zergling x2  
  18  1:33  Queen  
  18  1:39  Drone  
  21  1:49  Overlord  
  21  1:59  Drone  
  22  2:11  Drone  
  23  2:18  Queen  
  25  2:25  Drone  
  26  2:30  Drone  
  26  2:34  Drone  
  28  2:45  Drone x2  
  28  2:48  Queen  
  28  2:50  Drone x3  
  32  2:55  Drone  
  33  3:00  Queen  
  33  3:01  Overlord  
  35  3:06  Drone  
  36  3:20  Drone x3  
  36  3:21  Extractor  
  36  3:22  Extractor  
  36  3:24  Drone  
  37  3:28  Drone  
  37  3:30  Evolution Chamber, Drone  
  37  3:32  Drone  
  38  3:34  Roach Warren  
  38  3:38  Drone  
  38  3:39  Drone  
  39  3:44  Drone  
  40  3:49  Drone  
  40  3:53  Extractor, Drone  
  41  3:55  Overlord  
  41  3:56  Drone x2  
  41  4:01  Overlord  
  43  4:05  Zerg Missile Weapons Level 1  
  43  4:18  Drone  
  43  4:20  Hatchery  
  43  4:24  Drone x2  
  43  4:25  Drone  
  43  4:29  Roach  
  43  4:30  Roach  
  50  4:34  Roach  
  50  4:35  Drone  
  53  4:41  Lair  
  53  4:49  Drone x2  
  53  4:51  Drone  
  53  4:52  Roach  
  58  4:57  Overlord  
  58  4:58  Overlord  
  58  5:05  Overlord  
  58  5:12  Overlord  
  58  5:16  Roach x4  
  58  5:20  Pneumatized Carapace  
  66  5:22  Roach x2  
  70  5:32  Evolution Chamber  
  69  5:36  Drone x7  
  69  5:39  Drone  
  69  5:41  Glial Reconstitution  
  77  5:43  Overseer  
  77  5:45  Drone  
  77  5:47  Drone  
  79  5:51  Drone x2  
  79  5:52  Drone  
  79  5:54  Overlord  
  82  6:00  Drone x2  
  84  6:11  Roach x2  
  88  6:16  Overlord  
  88  6:17  Extractor  
  88  6:18  Roach x2  
  91  6:22  Roach x4  
  91  6:23  Overlord  
  99  6:27  Roach x2  
  99  6:29  Overlord  
  103  6:33  Zerg Ground Armor Level 1  
  103  6:36  Roach  
  105  6:41  Overlord  
  105  6:42  Drone x2  
  105  6:43  Drone x2  
  105  6:44  Extractor  
  108  6:51  Overlord  
  108  6:52  Zerg Missile Weapons Level 2, Roach x3  
  114  6:55  Overlord  
  114  6:56  Overlord  
  114  6:57  Roach  
  114  6:59  Ravager  
  117  7:05  Roach x3  
  117  7:06  Roach  
  125  7:11  Roach x3  
  131  7:17  Overlord  
  131  7:19  Roach x3  
  137  7:25  Roach x3  
  137  7:28  Roach  
  137  7:29  Ravager  
  146  7:30  Overlord  
  146  7:34  Ravager  
  146  7:36  Roach  
  149  7:39  Roach x2  
  149  7:41  Roach  
  149  7:42  Overlord  
  149  7:44  Roach  
  157  7:48  Roach x3  
  163  7:51  Roach  
  163  7:52  Roach  
  163  7:56  Roach x2  
  171  8:00  Overlord  
  171  8:02  Overlord  
  171  8:03  Ravager  
  172  8:08  Roach x2  
  176  8:20  Roach x4  
  176  8:23  Roach x4  
  192  8:29  Ravager  
  193  8:45  Roach  
  185  8:51  Roach x3  
  161  8:56  Roach x2  
  161  8:58  Roach x10  
  161  9:02  Roach x3  
  165  9:08  Roach  
  146  9:11  Roach x2  
  140  9:19  Roach x4  
  140  9:21  Ravager  
  149  9:25  Roach x3  
  149  9:26  Hatchery  
  149  9:27  Roach  
  156  9:32  Roach x3  
  156  9:36  Roach  
  156  9:37  Roach x2  
  168  9:42  Roach x2  
  172  9:48  Overlord  
  172  9:49  Roach x2  
  168  9:54  Roach x3  
  168  9:58  Roach x2  
  158  10:00  Roach  
  158  10:03  Roach  
  158  10:05  Roach  
  158  10:06  Roach  
  148  10:09  Roach x2  
  148  10:12  Roach  
  148  10:13  Roach  
  143  10:20  Ravager  
Show
View Real Time Build Order
Export as new Build Order

IIIIIIIIIIII Zerg 

Build Orders: Hatch First 

Get SALT Encoding   

  12  0:00  Drone  
  13  0:12  Overlord  
  13  0:17  Drone  
  14  0:30  Drone x2  
  16  0:48  Hatchery  
  15  0:51  Drone  
  15  0:55  Drone  
  17  0:58  Drone  
  18  1:08  Extractor  
  17  1:14  Spawning Pool  
  17  1:17  Drone  
  17  1:20  Drone  
  18  1:28  Drone  
  19  2:02  Zergling x2  
  19  2:03  Zergling x6  
  23  2:08  Queen  
  24  2:26  Queen  
  26  2:42  Overlord  
  23  2:52  Drone  
  24  3:01  Metabolic Boost  
  24  3:04  Drone x2  
  26  3:10  Drone x2  
  28  3:15  Drone  
  29  3:22  Drone x3  
  32  3:38  Hatchery  
  31  3:42  Drone  
  31  3:45  Overlord  
  33  3:48  Drone  
  33  3:50  Drone  
  33  3:54  Drone x2  
  36  4:01  Evolution Chamber  
  35  4:08  Roach Warren  
  34  4:10  Drone x3  
  34  4:15  Drone  
  34  4:16  Drone  
  38  4:19  Overlord  
  38  4:24  Extractor  
  38  4:25  Extractor  
  38  4:30  Drone x4  
  40  4:37  Drone x2  
  42  4:44  Drone x4  
  46  4:51  Zerg Missile Weapons Level 1  
  46  4:54  Queen  
  46  4:58  Extractor, Drone x2  
  46  4:59  Drone  
  50  5:04  Roach x2  
  54  5:11  Drone x2  
  54  5:12  Overlord  
  56  5:16  Lair  
  56  5:20  Roach  
  58  5:26  Overlord  
  58  5:27  Overlord  
  58  5:35  Roach x3  
  64  5:38  Overlord  
  64  5:42  Roach  
  66  5:48  Roach x3  
  72  5:52  Roach x2  
  76  5:57  Roach x2  
  76  6:03  Roach x2  
  84  6:06  Pneumatized Carapace  
  84  6:10  Overlord  
  83  6:12  Drone x2  
  83  6:14  Drone x2  
  83  6:17  Glial Reconstitution  
  87  6:20  Drone  
  87  6:21  Drone  
  89  6:25  Overlord  
  89  6:27  Overseer  
  89  6:30  Drone x3  
  93  6:32  Drone  
  93  6:37  Drone x2  
  95  6:40  Overlord  
  95  6:48  Roach x2  
  95  6:53  Roach x3  
  105  7:00  Overlord  
  105  7:03  Extractor, Drone x4  
  105  7:04  Extractor  
  105  7:06  Overlord  
  105  7:07  Drone, Zerg Ground Armor Level 1  
  108  7:11  Drone x3  
  111  7:16  Drone  
  111  7:17  Drone  
  111  7:21  Overlord x2  
  113  7:26  Roach x4  
  113  7:28  Overlord  
  121  7:31  Overlord  
  121  7:38  Overlord  
  121  7:41  Ravager x3  
  121  7:42  Ravager  
  121  7:43  Roach x3  
  131  7:46  Roach x2  
  131  7:50  Overlord  
  139  7:51  Roach x2  
  139  7:53  Roach  
  139  7:57  Roach x2  
  145  8:02  Roach x3  
  145  8:03  Roach  
  153  8:08  Overlord x2  
  153  8:09  Roach  
  155  8:20  Ravager x2  
  155  8:25  Roach x6  
  169  8:29  Roach x5  
  179  8:36  Overlord  
  179  8:40  Roach x3  
  173  8:50  Roach x7  
  173  8:55  Roach x3  
  169  8:58  Roach x2  
  147  9:03  Roach x3  
  141  9:10  Roach x3  
  141  9:15  Ravager x5  
  141  9:16  Roach  
  144  9:21  Roach x2  
  148  9:27  Roach  
  148  9:28  Roach  
  148  9:29  Roach  
  154  9:38  Roach  
  154  9:44  Roach x8  
  168  9:56  Roach x3  
  146  10:05  Roach x3  
  124  10:09  Roach x3  
  124  10:13  Roach x3  
Tags
 
Add a new tag
Caveats
  • Supply blocks, unpowered buildings, or Contaminate may cause inaccurate times.
  • Supply counts are checked every 10 seconds.